 Dungeon Crawl Stone Soup version 0.27-a0-1177-g245c70e1c0 (webtiles) character file.

Game seed: 2654355166174293526

873270 Delamore the Slayer (level 27, -14/173 HPs)
             Began as a Gargoyle Fighter on May 15, 2021.
             Was the Champion of Okawaru.
             Killed by the air
             ... invoked by a blizzard demon
              (25 damage)
             ... on level 24 of a ziggurat on May 16, 2021.
             The game lasted 03:40:02 (94196 turns).

Delamore the Slayer (Gargoyle Fighter)             Turns: 94196, Time: 03:40:03

Health: -14/173    AC: 70    Str: 36      XL:     27
Magic:  37/39      EV: 17    Int: 14 (15) God:    Okawaru [******]
Gold:   6100       SH: 36    Dex: 21      Spells: 45/50 levels left

rFire    + + .     SeeInvis .   a - +9 eveningstar (vamp)
rCold    + + +     Faith    .   E - +7 tower shield "Tezacha" {+Blink rF+}
rNeg     + + .     Spirit   .   L - +8 orange crystal plate armour {Archmagi, Int+3 Clar}
rPois    ∞         Reflect  .   b - -2 hat of the Alchemist {rElec rPois rF+ rC+ rN+ Will+ rMut rCorr}
rElec    +         Harm     .   h - +2 cloak {rCorr}
rCorr    +         Rampage  ∞   Z - +2 pair of gloves of the Bagpipe {rC++ Dex+4}
rMut     +         Clarity  +   u - +3 pair of seven-league boots {Rampage+∞}
Will     +++++                  c - necklace of Bloodlust {*Rage +Rage Will++ Int-3 Slay+6}
Stlth    ..........             v - ring of Mokoumm {rC+ Will+ AC+4 Str+7 Stlth-}
HPRegen  0.38/turn              q - ring "Huudd" {Dex+8 Slay+4}
MPRegen  0.26/turn

@: magic-sapped, flying, studying 5 skills
A: sickness immunity, AC +20, big wings, negative energy resistance 1,
electricity resistance, torment resistance 1, petrification resistance, hooves
1, clever 1, frail 1, subdued magic 1
}: 5/15 runes: decaying, serpentine, slimy, silver, abyssal
a: Renounce Religion, Evoke Blink, Evoke Berserk Rage, Heroism, Finesse


You were on level 24 of a ziggurat.
You worshipped Okawaru.
Okawaru was exalted by your worship.
You visited 11 branches of the dungeon, and saw 55 of its levels.
You visited the Abyss 1 time.
You visited 1 bazaar.
You visited 1 ziggurat, and saw 24 of its levels.
You also visited: Trove, Ossuary, Bailey, Gauntlet, Ice Cave, Volcano and Wizlab.

You collected 14273 gold pieces.
You spent 8173 gold pieces at shops.

Inventory:

Hand Weapons
 a - a +9 vampiric eveningstar (weapon)
 C - a +9 demon whip of freezing
 Y - the +5 demon whip "Spellbinder" {antimagic, Will+}
   (You took it off a deep elf elementalist on level 3 of the Elven Halls)

   It reduces the magical energy of the wielder, and disrupts the spells and
   magical abilities of those hit.
   Natural abilities and divine invocations are not affected.
   It increases your willpower.
Missiles
 B - 4 throwing nets
 Q - 144 silver javelins (quivered)
 X - 48 javelins
Armour
 b - the -2 hat of the Alchemist (worn) {rElec rPois rF+ rC+ rN+ Will+ rMut rCorr}
   (You bought it in a shop on level 2 of the Snake Pit)

   It protects you from fire.
   It protects you from cold.
   It insulates you from electricity.
   It protects you from poison.
   It protects you from negative energy.
   It protects you from acid and corrosion.
   It protects you from mutation.
   It increases your willpower.
 h - a +2 cloak of preservation (worn)
 u - the +3 pair of seven-league boots (worn) {Rampage+∞}
   (You found it on level 3 of the Elven Halls)
 E - the +7 tower shield "Tezacha" (worn) {+Blink rF+}
   (You acquired it on level 20 of a ziggurat)

   It protects you from fire.
   It lets you blink.
 H - the +2 shield of Resistance {rF++ rC++ Will++}
   (You acquired it on level 5 of the Dungeon)

   It greatly protects you from fire.
   It greatly protects you from cold.
   It greatly increases your willpower.
 L - the +8 orange crystal plate armour (worn) {Archmagi, Int+3 Clar}
   (Okawaru gifted it to you on level 1 of the Vaults)

   It affects your intelligence (+3).
   It protects you against confusion.
 Z - the +2 pair of gloves of the Bagpipe (worn) {rC++ Dex+4}
   (Okawaru gifted it to you on level 4 of the Swamp)

   It affects your dexterity (+4).
   It greatly protects you from cold.
Jewellery
 c - the necklace of Bloodlust (around neck) {*Rage +Rage Will++ Int-3 Slay+6}
   (You found it in a wizard's laboratory)

   [amulet of nothing]

   It affects your intelligence (-3).
   It affects your accuracy and damage with ranged weapons and melee attacks
   (+6).
   It lets you go berserk.
   It may make you go berserk in combat.
   It greatly increases your willpower.
 n - the ring "Xerizo Uraa" {+Blink Fly rN+ Stlth-}
   (You found it in a wizard's laboratory)

   [ring of flight]

   It protects you from negative energy.
   It grants you flight.
   It lets you blink.
   It makes you less stealthy.
 q - the ring "Huudd" (right hand) {Dex+8 Slay+4}
   (You found it on level 14 of a ziggurat)

   [ring of slaying]

   It affects your dexterity (+8).
   It affects your accuracy and damage with ranged weapons and melee attacks
   (+4).
 t - the ring "Nuheppa" {Slay+5 SInv}
   (You found it on level 16 of a ziggurat)

   [ring of see invisible]

   It affects your accuracy and damage with ranged weapons and melee attacks
   (+5).
   It lets you see invisible.
 v - the ring of Mokoumm (left hand) {rC+ Will+ AC+4 Str+7 Stlth-}
   (You found it in a treasure trove)

   [ring of protection]

   It affects your AC (+4).
   It affects your strength (+7).
   It protects you from cold.
   It increases your willpower.
   It makes you less stealthy.
Wands
 R - a wand of digging (20)
Scrolls
 e - 10 scrolls of fog
 f - 5 scrolls of immolation
 i - 8 scrolls of enchant weapon
 k - 10 scrolls of noise
 m - 15 scrolls of teleportation
 r - 18 scrolls of enchant armour
 w - 9 scrolls of summoning
 x - 6 scrolls of holy word
 y - 65 scrolls of identify
 A - 13 scrolls of silence
 O - 6 scrolls of brand weapon
 U - 10 scrolls of fear
 V - a scroll of magic mapping
Potions
 d - 14 potions of might
 g - 5 potions of cancellation
 j - 13 potions of curing
 l - a potion of resistance
 p - 2 potions of heal wounds
 s - 4 potions of ambrosia
 D - 11 potions of haste
 F - 7 potions of berserk rage
 G - 9 potions of magic
 I - 20 potions of mutation
Miscellaneous
 K - a condenser vane
 P - a tin of tremorstones (2/2)
 S - a phantom mirror


   Skills:
 - Level 25.0 Fighting
 + Level 21.8 Maces & Flails
 - Level 25.0 Throwing
 - Level 20.0 Armour
 - Level 15.5 Dodging
 - Level 25.0 Shields
 - Level 12.0 Spellcasting
 - Level 12.0 Translocations
 - Level 10.0 Invocations
 - Level 19.1 Evocations


You had 45 spell levels left.
You knew the following spells:

 Your Spells              Type           Power      Damage    Failure   Level
a - Blink                 Tloc           N/A        N/A       1%          2
b - Lesser Beckoning      Tloc           24%        N/A       1%          3

Your spell library contained the following spells:

 Spells                   Type           Power      Damage    Failure   Level
 Apportation              Tloc           96%        N/A       1%          1
 Gell's Gravitas          Tloc           24%        N/A       1%          3
 Teleport Other           Tloc           48%        N/A       1%          3
 Passage of Golubria      Tloc           N/A        N/A       3%          4
 Manifold Assault         Tloc           48%        N/A       10%         5
 Portal Projectile        Hex/Tloc       58%        N/A       13%         3
 Iskenderun's Mystic Bla  Conj/Tloc      29%        2d7       41%         4
 Animate Skeleton         Necr           18%        N/A       47%         1
 Beastly Appendage        Tmut           18%        N/A       47%         1
 Corona                   Hex            10%        N/A       47%         1
 Foxfire                  Conj/Fire      36%        2x1d5     47%         1
 Freeze                   Ice            36%        1d6       47%         1
 Magic Dart               Conj           36%        1d4       47%         1
 Pain                     Necr           36%        1d5       47%         1
 Sandblast                Erth           18%        2d7       47%         1
 Shock                    Conj/Air       36%        1d5       47%         1
 Sting                    Tmut/Pois      36%        1d4       47%         1
 Summon Small Mammal      Summ           36%        N/A       47%         1
 Dispersal                Tloc           24%        N/A       50%         6
 Call Imp                 Summ           9%         N/A       61%         2
 Corpse Rot               Necr/Air       N/A        N/A       61%         2
 Ensorcelled Hibernation  Hex/Ice        18%        N/A       61%         2
 Passwall                 Tmut/Erth      7%         N/A       61%         2
 Poisonous Vapours        Pois/Air       18%        N/A       61%         2
 Searing Ray              Conj           18%        3d3       61%         2
 Slow                     Hex            9%         N/A       61%         2
 Static Discharge         Conj/Air       9%         N/A       61%         2
 Wereblood                Tmut           9%         N/A       61%         2
 Summon Forest            Summ/Tloc      14%        N/A       77%         5
 Call Canine Familiar     Summ           9%         N/A       85%         3
 Confusing Touch          Hex            9%         N/A       85%         3
 Conjure Flame            Conj/Fire      9%         6-21      85%         3
 Dazzling Flash           Conj/Hex       18%        N/A       85%         3
 Frozen Ramparts          Ice            18%        1d3       85%         3
 Ignite Poison            Fire/Tmut/Pois 9%         N/A       85%         3
 Inner Flame              Hex/Fire       9%         N/A       85%         3
 Mephitic Cloud           Conj/Pois/Air  9%         N/A       85%         3
 Ozocubu's Armour         Ice            9%         N/A       85%         3
 Spider Form              Tmut/Pois      4%         N/A       85%         3
 Stone Arrow              Conj/Erth      18%        3d8       85%         3
 Summon Guardian Golem    Hex/Summ       9%         N/A       85%         3
 Swiftness                Air            9%         N/A       85%         3
 Tukima's Dance           Hex            9%         N/A       85%         3
 Vampiric Draining        Necr           4%         2d6       85%         3
 Airstrike                Air            4%         N/A       99%         4
 Animate Armour           Summ/Erth      18%        N/A       99%         4
 Animate Dead             Necr           4%         N/A       99%         4
 Cause Fear               Hex            4%         N/A       99%         4
 Dispel Undead            Necr           9%         3d8       99%         4
 Fulminant Prism          Conj/Hex       4%         3d6       99%         4
 Hailstorm                Conj/Ice       9%         3d4       99%         4
 Ice Form                 Ice/Tmut       9%         N/A       99%         4
 Leda's Liquefaction      Hex/Erth       4%         N/A       99%         4
 Olgreb's Toxic Radiance  Pois           9%         N/A       99%         4
 Petrify                  Tmut/Erth      9%         N/A       99%         4
 Sticky Flame             Conj/Fire      9%         2d3       99%         4
 Summon Ice Beast         Ice/Summ       9%         N/A       99%         4
 Summon Lightning Spire   Summ/Air       9%         N/A       99%         4
 Agony                    Necr           9%         N/A       100%        5
 Alistair's Intoxication  Tmut/Pois      6%         N/A       100%        5
 Bolt of Magma            Conj/Fire/Erth 4%         4d5       100%        5
 Borgnjor's Vile Clutch   Necr/Erth      4%         N/A       100%        5
 Excruciating Wounds      Necr           4%         N/A       100%        5
 Fireball                 Conj/Fire      4%         3d4       100%        5
 Hydra Form               Tmut           4%         N/A       100%        5
 Irradiate                Conj/Tmut      4%         3d15      100%        5
 Iskenderun's Battlesphe  Conj           9%         2d6       100%        5
 Lee's Rapid Deconstruct  Erth           4%         3d6*      100%        5
 Lightning Bolt           Conj/Air       4%         1d16      100%        5
 Metabolic Englaciation   Hex/Ice        4%         N/A       100%        5
 Silence                  Hex/Air        4%         N/A       100%        5
 Summon Mana Viper        Hex/Summ       9%         N/A       100%        5
 Yara's Violent Unravell  Hex/Tmut       4%         3d4       100%        5
 Blade Hands              Tmut           4%         N/A       100%        6
 Conjure Ball Lightning   Conj/Air       4%         3x3d6     100%        6
 Death Channel            Necr           4%         N/A       100%        6
 Eringya's Noxious Bog    Tmut/Pois      4%         N/A       100%        6
 Freezing Cloud           Conj/Ice/Air   4%         6-21      100%        6
 Invisibility             Hex            9%         N/A       100%        6
 Iron Shot                Conj/Erth      4%         9d2       100%        6
 Shadow Creatures         Summ           N/A        N/A       100%        6
 Simulacrum               Ice/Necr       4%         N/A       100%        6
 Starburst                Conj/Fire      4%         8x6d4     100%        6
 Dragon Form              Tmut           4%         N/A       100%        7
 Haunt                    Necr/Summ      4%         N/A       100%        7
 Malign Gateway           Summ/Tloc      14%        N/A       100%        7
 Monstrous Menagerie      Summ           4%         N/A       100%        7
 Orb of Destruction       Conj           4%         9d2       100%        7
 Ozocubu's Refrigeration  Ice            4%         4d5       100%        7
 Spellforged Servitor     Conj/Summ      4%         N/A       100%        7
 Summon Hydra             Summ           4%         N/A       100%        7
 Borgnjor's Revivificati  Necr           4%         N/A       100%        8
 Chain Lightning          Conj/Air       4%         N/A       100%        8
 Discord                  Hex            4%         N/A       100%        8
 Disjunction              Tloc           24%        N/A       100%        8
 Ignition                 Fire           4%         3d4       100%        8
 Infestation              Necr           4%         N/A       100%        8
 Lehudib's Crystal Spear  Conj/Erth      4%         10d3      100%        8
 Necromutation            Tmut/Necr      4%         N/A       100%        8
 Summon Horrible Things   Summ           4%         N/A       100%        8
 Absolute Zero            Ice            4%         ∞         100%        9
 Death's Door             Necr           4%         N/A       100%        9
 Dragon's Call            Summ           4%         N/A       100%        9
 Fire Storm               Conj/Fire      4%         8d1       100%        9
 Shatter                  Erth           4%         3d8*      100%        9
 Tornado                  Air            4%         N/A       100%        9
 Sublimation of Blood     Necr           Unusable   N/A       N/A         2
 Statue Form              Tmut/Erth      Unusable   N/A       N/A         6

Dungeon Overview and Level Annotations

Branches:
Dungeon (15/15)            Temple (1/1) D:4            Lair (6/6) D:11
  Swamp (4/4) Lair:3        Snake (4/4) Lair:4        Slime (5/5) Lair:5
    Orc (2/2) D:10            Elf (3/3) Orc:2        Vaults (5/5) D:13
  Crypt (0/3) Vaults:2     Depths (5/5) D:15            Zot (5/5) Depths:5
Ossuary (visited)          Bailey (visited)           IceCv (visited)
Volcano (visited)          WizLab (visited)         Gauntlet (visited)

Altars:
Ashenzari
Elyvilon
Gozag
Hepliaklqana
Kikubaaqudgha
Makhleb
Okawaru
Ru
Trog
Uskayaw
Vehumet
Xom
Zin
Jiyva

Shops:
D:5 :[?   D:6 !   D:7 (   D:9 !   Orc:2 *:?   Elf:1 [   Elf:2 *   Snake:2 [*(
Snake:4 =::   Vaults:1 *   Vaults:3 :*   Vaults:4 =   Vaults:5 [   Depths:5 *![

Portals:
Hell: Depths:1 Depths:2 Depths:3 Depths:4 Depths:5
Abyss: Depths:4
Pandemonium: Depths:2 Depths:3


Innate Abilities, Weirdness & Mutations

You are immune to sickness and miasma.
Your stone body is resilient. (AC +20)
You are immune to poison.
Your large and strong wings let you fly.
You resist negative energy. (rN+)
You are resistant to electric shocks. (rElec)
You are resistant to unholy torment.
You are immune to petrification.
You have large cloven feet.
Your mind is acute. (Int +2)
You are frail. (-10% HP)
Your spells are a little easier to cast, but a little less powerful.


Message History

The infernal warmonger is severely wounded.
You block the Executioner's attack. x3
The cacodemon gestures at you.
Strange energies course through your body.
Your connection to magic feels subdued.
The Executioner hits you!
* * * LOW HITPOINT WARNING * * *
The Executioner hits you but does no damage.
You block the Executioner's attack.
The infernal warmonger calls down the wrath of its god upon you.
Your magic feels tainted.
The cacodemon completely misses you.
The cacodemon hits you but does no damage.
The soul eater misses you.
The Ice Fiend calls on the powers of darkness!
Your body is wracked with pain!
* * * LOW HITPOINT WARNING * * *
You hear a roar!
You beat the infernal warmonger like a drum!!!
You kill the infernal warmonger!
Okawaru accepts your kill. You block the Executioner's attack. x3
The Executioner hits you but does no damage. x2
The Executioner closely misses you. The cacodemon gestures at you.
You resist with almost no effort.
Okay, then.
Okay, then.
Casting: Lesser Beckoning (safe; 1% risk of failure)
Confirm with . or Enter, or press ? or * to list all spells.
You feel a surge of power!
You blink.
A blizzard demon comes into view.
You block the Executioner's attack. x2
The Executioner hits you but does no damage.
A reaper comes into view.
It is wielding a +2 scythe of protection.
You hear a shout!
You block the Executioner's attack. x3
The blizzard demon waves its arms in wide circles.
The air twists around and strikes you!!
You die...

....62.2&▓▓
...2J&.6.{▓▓
..2.6s.N.11▓▓
....1N..2231▓▓
....w6w...1.1▓▓
26...2..3(.X&§▓▓
3X...2.2..§§621▓▓
2........§21213▓▓
3(1....(.§@2§§§▓
........§§§§.▓▓
...)........▓▓
(..........▓▓
(.........▓▓
(........▓▓
........▓▓
.......▓▓


You could see an Ice Fiend, 4 cacodemons, a reaper (wandering, fast), 2
Executioners, a blizzard demon (fast), a torturous blood saint (berserk) and a
hellion (fast).

Vanquished Creatures
  the Royal Jelly (Slime:5)
  7 dread liches
  6 ancient liches
  Mennas (Depths:3)
  6 orbs of fire
  20 juggernauts
  Margery (Vaults:4)
  Boris (Depths:5)
  the Lernaean hydra (Swamp:4)
  Bai Suzhen (Vaults:3)
  14 Killer Klowns
  13 pandemonium lords
  2 curse toes
  Nikola (Swamp:4)
  A caustic shrike (Depths:4)
  A bone dragon (Zot:1)
  11 golden dragons
  Jory (Vaults:2)
  24 tentacled monstrosities
  5 electric golems
  2 Brimstone Fiends
  A Tzitzimitl (Zig:24)
  A Cloud Mage (WizLab)
  An Ice Fiend (IceCv)
  25 Orb Guardians (Zot:5)
  4 liches
  4 deep elf blademasters
  6 titans
  21 acid blobs
  8 quicksilver dragons
  3 deep elf master archers
  The ghost of PirateVox the End of an Era, an adept GnVM of Qazlal (Elf:3)
  2 eldritch tentacles
  7 Executioners (Zig:24)
  A sphinx (shapeshifter) (Zig:19)
  Gastronok (D:12)
  19 storm dragons
  3 tentacled starspawn
  11 death cobs
  5 sphinxes
  9 shadow dragons
  A shadow dragon (shapeshifter) (Zig:19)
  A thorn hunter (Zig:15)
  Roxanne (Snake:4)
  Donald (Swamp:3)
  11 tengu reavers
  Kirke (Swamp:4)
  16 azure jellies
  3 daevas
  A fenstrider witch (shapeshifter) (Zig:19)
  2 azure jellies (shapeshifter) (Zig:19)
  19 nagarajas
  13 frost giants
  8 deep elf sorcerers
  7 fire giants
  17 rockslimes
  3 draconian scorchers
  4 balrugs
  11 orc warlords
  2 warmongers
  The ghost of tensugalgo the Slicer, an adept VSFi of Uskayaw (Snake:1)
  Louise (Elf:1)
  A ghost moth (shapeshifter) (Zig:19)
  2 iron dragons
  4 angels
  Aizul (Vaults:3)
  A ghoul (Zig:15)
  4 deep elf elementalists (Elf:3)
  5 draconian knights
  16 vault wardens
  A curse skull (Vaults:2)
  7 ghost moths
  6 emperor scorpions (Zig:20)
  A cacodemon (Zig:24)
  8 draconian stormcallers
  2 draconian shifters
  3 spriggan defenders
  4 draconian annihilators (Zot:2)
  A juggernaut skeleton (Zig:18)
  5 spectral caustic shrikes
  The ghost of Janwiy the Geomancer, a journeyman GrEE of Vehumet (Lair:6)
  14 quicksilver oozes
  20 very ugly things
  A blood saint (Zig:6)
  10 war gargoyles
  2 ophanim (Abyss:4)
  19 ironbound preservers
  24 stone giants
  8 black draconians
  10 deep elf demonologists
  7 green draconians
  3 vampire knights
  3 dire elephants (Vaults:1)
  8 red draconians
  A black sun (Zig:24)
  5 yellow draconians
  9 white draconians
  A minotaur (Gauntlet)
  9 purple draconians
  10 deep elf annihilators
  5 eleionomae
  8 spark wasps
  An entropy weaver (Vaults:1)
  An eidolon (Zig:3)
  14 fire dragons
  9 bunyips
  7 merfolk javelineers
  8 deep elf death magi
  7 shambling mangroves
  20 ettins
  An eleionoma (shapeshifter) (Zig:14)
  5 green deaths
  3 merfolk impalers (Zig:23)
  4 crystal guardians
  3 blizzard demons
  10 deep elf high priests
  10 ice dragons
  14 yaktaur captains
  34 hydras
  22 naga warriors
  6 rakshasas
  4 peacekeepers
  14 great orbs of eyes
  28 vault guards
  A hell beast (Zig:14)
  2 ogre magi
  8 ironbound thunderhulks
  5 ghost crabs
  Erolcha (D:11)
  6 boulder beetles
  A monstrous demonspawn (Depths:3)
  4 salamander tyrants
  A death knight (D:15)
  11 spriggan air magi
  12 anacondas
  17 centaur warriors
  4 merfolk avatars (Zig:23)
  5 ironbound frosthearts
  12 alligators
  10 merfolk aquamancers
  2 catoblepae (Lair:6)
  A satyr (Zig:23)
  The ghost of kutty the Martial Artist, a novice DgTm (D:10)
  7 alligator snapping turtles (Zig:20)
  5 tengu warriors
  35 dancing weapons
  11 two-headed ogres
  6 death yaks
  3 hell hogs
  A deep troll earth mage (Depths:4)
  3 deep troll shamans (Depths:2)
  15 hell knights
  6 ironbound beastmasters
  18 naga sharpshooters
  15 orc high priests
  3 spriggan berserkers
  3 vampire magi
  5 soul eaters (Depths:1)
  16 shock serpents
  4 sun demons (Depths:1)
  15 deep elf knights
  A shock serpent (shapeshifter) (Vaults:5)
  Sonja (D:13)
  2 wretched stars (Zig:13)
  11 sea snakes
  10 iron trolls
  An iron troll (shapeshifter) (Zig:14)
  8 cherubim
  3 sixfirhies
  A flayed ghost (Depths:3)
  15 salamander mystics
  2 skeletal warriors
  7 goliath frogs
  2 sea snakes (shapeshifter)
  A spatial maelstrom (Zig:13)
  21 swamp dragons
  4 death drakes
  8 spriggan druids
  53 deep trolls
  4 phantasmal warriors
  15 naga ritualists
  5 obsidian statues
  15 bog bodies
  3 orange crystal statues
  A swamp dragon (shapeshifter) (Elf:3)
  16 deep elf archers
  Pikel (D:5)
  8 glowing orange brains
  15 wizards
  11 necromancers
  16 ironbound convokers
  12 harpies
  9 lindwurms
  22 orc sorcerers
  A golden dragon skeleton (Depths:3)
  35 deep elf zephyrmancers
  A frost giant zombie (Zig:13)
  11 oklob plants (Zot:2)
  A shadow dragon skeleton (Vaults:4)
  18 orc knights
  30 deep elf pyromancers
  10 mana vipers
  5 cyclopes
  6 elephants
  3 will-o-the-wisps
  2 worldbinders
  41 ugly things
  2 manticores (shapeshifter) (Vaults:5)
  31 salamanders
  3 fauns (Zig:23)
  A spectral centaur (D:10)
  3 merfolk sirens (Zig:23)
  A sphinx skeleton (Zig:18)
  28 moths of wrath
  10 manticores
  Joseph (D:7)
  8 ice statues
  34 naga magi
  A rust devil (Depths:3)
  23 vault sentinels
  6 shining eyes
  3 eyes of devastation
  51 black mambas
  8 water nymphs
  2 apocalypse crabs
  10 guardian serpents
  2 smoke demons (Depths:1)
  2 spriggan skeletons
  4 gargoyles
  15 cane toads
  6 large abominations
  4 hellions
  29 yaktaurs
  An unseen horror (D:11)
  7 rime drakes
  A komodo dragon (shapeshifter) (Vaults:5)
  2 anaconda simulacra (IceCv)
  A demonic crawler (Zig:20)
  A tormentor (Zig:18)
  11 komodo dragons
  A golden dragon simulacrum (IceCv)
  2 tengu conjurers
  An efreet (D:13)
  A yaktaur skeleton (Vaults:4)
  2 ancient zymes (Zig:13)
  3 freezing wraiths
  11 ice devils (IceCv)
  2 hellwings
  A polar bear (shapeshifter) (D:13)
  2 elf skeletons (Depths:3)
  20 merfolk (Zig:23)
  A queen bee (Lair:3)
  A wind drake (shapeshifter) (Depths:4)
  4 trolls
  A bloated husk (Zig:9)
  A jumping spider (Vaults:1)
  A merfolk (shapeshifter) (Vaults:5)
  28 hornets
  4 tyrant leeches
  A hornet (shapeshifter) (D:15)
  4 polar bears
  7 wind drakes
  3 meliai (D:13)
  2 raiju
  108 slime creatures
  9 snapping turtles
  A deep troll zombie (Vaults:4)
  A blink frog (shapeshifter) (Elf:1)
  10 blink frogs
  2 dream sheep (Lair:6)
  11 flying skulls
  Sigmund (D:3)
  17 air elementals
  3 shadows
  20 water elementals
  A redback (Vaults:1)
  17 spriggans
  A tarantella (Vaults:1)
  9 wyverns
  6 ynoxinuls
  43 yaks
  13 golden eyes
  8 wraiths
  2 fire elementals
  3 steam dragons
  2 neqoxecs
  2 fire bats (Volcano)
  6 basilisks
  A human (shapeshifter) (Vaults:4)
  10 chaos spawn
  3 vampire mosquitoes
  A harpy simulacrum (IceCv)
  A swamp worm (shapeshifter) (Elf:2)
  15 swamp worms
  A death yak simulacrum (Lair:6)
  An iron troll simulacrum (IceCv)
  14 wargs
  63 nagas
  9 acid dragons
  A naga (shapeshifter) (Vaults:5)
  12 water moccasins
  2 floating eyes (shapeshifter)
  4 hell hounds
  6 hydra simulacra
  A human skeleton (Depths:3)
  73 orc warriors
  10 swamp drakes
  An ice beast (D:7)
  2 black bears
  A boulder beetle simulacrum (Lair:6)
  An ettin simulacrum (IceCv)
  2 necrophages
  4 boggarts (Vaults:1)
  2 small abominations
  2 sky beasts
  23 ogres
  A black mamba simulacrum (Lair:6)
  11 wolves
  3 phantoms
  4 centaurs
  4 lemures (D:5)
  2 kobold brigands
  10 bullfrogs
  3 gnoll sergeants
  A cane toad simulacrum (Lair:6)
  4 scorpions
  3 earth elementals
  A water moccasin skeleton (D:6)
  A dream sheep simulacrum (Lair:6)
  26 killer bees
  4 wights (D:8)
  3 howler monkeys
  5 electric eels
  8 centaur zombies
  A komodo dragon simulacrum (Lair:6)
  8 starcursed masses (Zig:13)
  A gnoll shaman (D:5)
  4 hounds
  29 orc priests
  3 centaur skeletons
  Natasha (thrice) (D:3)
  Terence (D:3)
  2 hell rats (Lair:2)
  6 iguanas
  A scorpion zombie (D:5)
  28 orc wizards
  A killer bee zombie (D:5)
  4 mummies (Ossuary)
  A howler monkey zombie (D:9)
  5 adders
  14 gnolls
  7 river rats (Lair:2)
  An adder skeleton (D:4)
  A worm (D:2)
  4 dart slugs
  88 orcs
  5 endoplasms
  2 giant cockroaches
  11 goblins
  12 hobgoblins
  10 jackals
  A quokka (shapeshifter) (Vaults:5)
  2 quokkas
  4 ball pythons
  6 bats
  7 frilled lizards
  2 goblin zombies (Ossuary)
  2 hobgoblin zombies (Ossuary)
  15 kobolds
  A quokka skeleton (D:4)
  4 starspawn tentacles
2964 creatures vanquished.

Vanquished Creatures (collateral kills)
  A quicksilver dragon (Depths:4)
  A sphinx (Vaults:4)
  A daeva (Depths:3)
  2 centaur warriors (Vaults:2)
  A cherub (Depths:3)
  A deep troll (Vaults:2)
7 creatures vanquished.

Vanquished Creatures (others)
  A nagaraja (Zig:11)
  A ghost moth (Zot:1)
  A spark wasp (Depths:3)
  A merfolk javelineer (Zig:20)
  An eleionoma (Swamp:4)
  A fire dragon (Depths:5)
  A ghost crab (WizLab)
  A dancing weapon (Zig:7)
  A naga sharpshooter (Zig:17)
  2 deep elf knights
  A goliath frog (shapeshifter) (Zig:19)
  A deep elf archer (Zig:12)
  A bog body (Swamp:4)
  A swamp dragon (Swamp:4)
  A deep elf zephyrmancer (Elf:3)
  A wizard (Vaults:2)
  2 deep elf pyromancers
  An orange demon (Depths:2)
  3 bloated husks
  A hornet (shapeshifter) (Zig:19)
  A hornet (Swamp:3)
  A redback (Zig:20)
  3 spriggans (Swamp:3)
  2 fire elementals
  5 humans (Swamp:4)
  A swamp worm (Swamp:4)
  A naga (Snake:3)
  A swamp drake (Swamp:4)
  An iguana (Lair:6)
  3 orcs
  4 bushes (Depths:4)
  A butterfly (Depths:4)
  32 fungi
  43 plants
  5 starspawn tentacles
  5 toadstools (D:8)
133 creatures vanquished.

Grand Total: 3104 creatures vanquished

Notes
Turn   | Place    | Note
-------+----------+-------------------------------------------
     0 | D:1      | Delamore the Gargoyle Fighter began the quest for the Orb.
     0 | D:1      | Reached XP level 1. HP: 14/14 MP: 1/1
   119 | D:1      | Reached XP level 2. HP: 19/19 MP: 2/2
   833 | D:1      | Reached XP level 3. HP: 22/24 MP: 3/3
  1644 | D:2      | Reached XP level 4. HP: 28/29 MP: 4/4
  2310 | D:3      | Noticed Sigmund
  2743 | D:3      | Noticed Terence
  2758 | D:3      | Killed Terence
  3004 | D:3      | Noticed Natasha
  3094 | D:3      | Killed Natasha
  3095 | D:3      | Reached XP level 5. HP: 23/34 MP: 5/5
  3462 | D:3      | Noticed Natasha
  3465 | D:3      | Killed Natasha
  3551 | D:3      | Found a burning altar of Makhleb.
  3554 | D:3      | Found a white marble altar of Elyvilon.
  3557 | D:3      | Found a hazy altar of Hepliaklqana.
  3632 | D:3      | Noticed Natasha
  3641 | D:3      | Killed Natasha
  3676 | D:3      | Killed Sigmund
  3677 | D:3      | Reached skill level 5 in Fighting
  3677 | D:3      | Reached skill level 5 in Shields
  3677 | D:3      | Reached XP level 6. HP: 20/40 MP: 6/6
  4021 | D:4      | Found a staircase to the Ecumenical Temple.
  4052 | Temple   | Entered the Ecumenical Temple
  4069 | Temple   | Became a worshipper of Warmaster Okawaru
  4090 | D:4      | Reached skill level 5 in Maces & Flails
  4184 | D:4      | Found a radiant altar of Vehumet.
  4329 | D:4      | Identified the +4 rapier of Istonk {freeze, Str+2}
  4465 | D:4      | Reached XP level 7. HP: 43/44 MP: 7/7
  4709 | D:5      | Entered Level 5 of the Dungeon
  4710 | D:5      | Found Wuteoskue's Magic Scroll Emporium.
  4717 | D:5      | Reached skill level 1 in Throwing
  4814 | D:5      | Bought a scroll of magic mapping for 45 gold pieces
  4814 | D:5      | Bought a scroll of identify for 26 gold pieces
  4817 | D:5      | Bought a scroll of identify for 26 gold pieces
  4819 | D:5      | Identified 2 scrolls of acquirement
  4819 | D:5      | Acquired 640 gold pieces
  4821 | D:5      | Acquired a manual of Shields
  4823 | D:5      | Bought a scroll of immolation for 45 gold pieces
  4823 | D:5      | Bought a scroll of magic mapping for 45 gold pieces
  4823 | D:5      | Bought a scroll of amnesia for 45 gold pieces
  4823 | D:5      | Bought a scroll of enchant armour for 97 gold pieces
  4972 | D:5      | Found Cuibayry's Armour Emporium.
  5473 | D:5      | Noticed Pikel
  5501 | D:5      | Killed Pikel
  5501 | D:5      | Reached * piety under Okawaru
  5501 | D:5      | Reached ** piety under Okawaru
  5502 | D:5      | Reached XP level 8. HP: 36/49 MP: 8/8
  5610 | D:5      | Found Wuoxal's Book Shop.
  5860 | D:5      | Acquired the +2 shield of Resistance {rF++ rC++ Will++}
  5861 | D:5      | Found the +2 shield of Resistance {rF++ rC++ Will++}
  6077 | D:5      | Reached skill level 5 in Throwing
  6494 | D:6      | Reached XP level 9. HP: 48/54 MP: 9/9
  6509 | D:6      | Found a sand-covered staircase.
  6518 | Ossuary  | Entered an ossuary
  7134 | D:6      | Reached *** piety under Okawaru
  7156 | D:6      | Found Yquodwet's Distillery.
  7170 | D:6      | Bought a potion of heal wounds for 70 gold pieces
  7170 | D:6      | Bought a potion of heal wounds for 70 gold pieces
  7734 | D:7      | Reached skill level 10 in Maces & Flails
  7939 | D:7      | Found Gazaqo's Antique Weapon Emporium.
  8063 | D:7      | Reached skill level 1 in Invocations
  8387 | D:7      | Identified the +3 flail "Beastbane" {vorpal, Int+7}
  8486 | D:7      | Noticed Joseph
  8506 | D:7      | Reached XP level 10. HP: 59/59 MP: 10/12
  8517 | D:7      | Killed Joseph
  8517 | D:7      | Reached **** piety under Okawaru
  9166 | D:8      | Reached skill level 5 in Invocations
  9411 | D:8      | Reached ***** piety under Okawaru
  9444 | D:8      | Received a gift from Okawaru
  9594 | D:8      | Received a gift from Okawaru
  9645 | D:8      | Found a broken altar of Ashenzari.
  9944 | D:9      | Acquired 620 gold pieces
  9980 | D:9      | Found Elill's Distillery.
  9991 | D:9      | Bought a potion of might for 64 gold pieces
  9991 | D:9      | Bought a potion of heal wounds for 80 gold pieces
  9991 | D:9      | Bought a potion of might for 64 gold pieces
  9991 | D:9      | Bought a potion of might for 64 gold pieces
  9991 | D:9      | Bought a potion of heal wounds for 80 gold pieces
 10133 | D:9      | Reached XP level 11. HP: 63/63 MP: 14/14
 10452 | D:10     | Entered Level 10 of the Dungeon
 10596 | D:10     | Received a gift from Okawaru
 10654 | D:10     | Noticed a two-headed ogre
 10669 | D:10     | Killed a two-headed ogre
 10739 | D:10     | Found a staircase to the Orcish Mines.
 10817 | D:10     | Noticed kutty's ghost (novice DgTm)
 10818 | D:10     | Found a transporter.
 10825 | D:10     | Found a sacrificial altar of Ru.
 10936 | D:10     | Noticed a two-headed ogre
 10951 | D:10     | Killed a two-headed ogre
 11002 | D:10     | Found a transporter.
 11380 | D:11     | Noticed a manticore
 11386 | D:11     | Killed a manticore
 11390 | D:11     | Found a gate leading to a gauntlet.
 11404 | Gauntlet | Entered a Gauntlet
 11404 | Gauntlet | Found a transporter.
 11439 | Gauntlet | Found a transporter.
 11455 | Gauntlet | Found a transporter.
 11456 | Gauntlet | Found a transporter.
 11463 | Gauntlet | Noticed a reaper
 11471 | Gauntlet | Found a transporter.
 11481 | Gauntlet | Found a runed translucent gate.
 11482 | Gauntlet | Found a transporter.
 11482 | Gauntlet | Found a runed translucent gate.
 11483 | Gauntlet | Found a runed translucent gate.
 11484 | Gauntlet | Noticed a green death
 11492 | Gauntlet | Found a transporter.
 11495 | Gauntlet | Found the +9 heavy crossbow "Sniper" {vorpal, Acc+∞ SInv}
 11497 | Gauntlet | Found a transporter.
 11497 | Gauntlet | Found a transporter.
 11509 | Gauntlet | Found a transporter.
 11512 | Gauntlet | Found a transporter.
 11514 | Gauntlet | Found a transporter.
 11548 | Gauntlet | Noticed a death scarab
 11549 | Gauntlet | Found a transporter.
 11550 | Gauntlet | Noticed a death scarab
 11554 | Gauntlet | Found a transporter.
 11627 | Gauntlet | HP: 1/67 [swamp worm (15)]
 11802 | Gauntlet | Reached skill level 10 in Shields
 11802 | Gauntlet | Reached XP level 12. HP: 73/73 MP: 11/15
 11825 | Gauntlet | Identified the +2 hat of Infinity {Rampage rF+++ rN+ Will-
                  | Stlth+}
 11846 | Gauntlet | Noticed a minotaur
 11867 | Gauntlet | Killed a minotaur
 11930 | D:11     | Identified the +4 demon whip of Gamutof {flame, rPois}
                  | (Okawaru gifted it to you on level 11 of the Dungeon)
 11930 | D:11     | Received a gift from Okawaru
 12100 | D:11     | Found a staircase to the Lair.
 12386 | D:11     | Noticed Erolcha
 12394 | D:11     | Killed Erolcha
 12563 | Lair:1   | Entered Level 1 of the Lair of Beasts
 12574 | Lair:1   | Noticed a six-headed hydra
 12583 | Lair:1   | Killed a six-headed hydra
 12802 | Lair:1   | Identified the ring "Qusec" {rElec Str+6 Stlth+}
 13354 | Lair:2   | Reached skill level 10 in Fighting
 13384 | Lair:2   | Acquired the +0 pair of boots "Mexonk" {rPois Will+ Dex+2}
 13534 | Lair:2   | Received a gift from Okawaru
 13607 | Lair:2   | Noticed a four-headed hydra
 13614 | Lair:2   | Killed a four-headed hydra
 13621 | Lair:2   | Noticed a five-headed hydra
 13641 | Lair:2   | HP: 2/77 [komodo dragon (22)]
 13650 | Lair:2   | Killed a five-headed hydra
 13651 | Lair:2   | Reached skill level 15 in Shields
 13914 | Lair:2   | Reached XP level 13. HP: 82/82 MP: 16/16
 14502 | Lair:3   | Found a dark tunnel.
 14508 | Volcano  | Entered a volcano
 14567 | Volcano  | Reached skill level 5 in Armour
 15056 | Lair:3   | Received a gift from Okawaru
 15122 | Lair:3   | Found a staircase to the Swamp.
 15297 | Lair:3   | Reached skill level 15 in Maces & Flails
 15748 | Lair:4   | Found a staircase to the Snake Pit.
 16267 | Lair:4   | Identified the +3 leather armour "Biadon" {Str+2}
 16702 | Lair:5   | Gained mutation: Your large and strong wings let you fly.
                  | [Gargoyle growth]
 16702 | Lair:5   | Reached XP level 14. HP: 92/92 MP: 17/17
 16979 | Lair:5   | Reached ****** piety under Okawaru
 17031 | Lair:5   | Identified the +1 ring mail of the Blue Moon {Dex+5}
                  | (Okawaru gifted it to you on level 5 of the Lair of Beasts)
 17031 | Lair:5   | Received a gift from Okawaru
 17312 | Lair:5   | Found a viscous altar of Jiyva.
 17312 | Lair:5   | Found a staircase to the Slime Pits.
 17366 | Lair:6   | Entered Level 6 of the Lair of Beasts
 17662 | Lair:6   | Found a runed translucent gate.
 17662 | Lair:6   | Found a runed translucent gate.
 17662 | Lair:6   | Found a runed translucent gate.
 17773 | Lair:6   | Noticed Janwiy's ghost (journeyman GrEE)
 18307 | Lair:6   | Received a gift from Okawaru
 18811 | Lair:6   | Killed Janwiy's ghost
 18836 | Lair:6   | Received a gift from Okawaru
 19079 | Orc:1    | Entered Level 1 of the Orcish Mines
 19338 | Orc:1    | Reached XP level 15. HP: 101/101 MP: 20/20
 19505 | Orc:1    | Learned a level 2 spell: Blink
 19862 | Orc:2    | Entered Level 2 of the Orcish Mines
 19979 | Orc:2    | Found a staircase to the Elven Halls.
 20685 | Orc:2    | Found Hurosu's Armour Shop.
 20703 | Orc:2    | Identified the +2 chain mail of the Swamp {Dex+3 SInv}
                  | (Okawaru gifted it to you on level 2 of the Orcish Mines)
 20703 | Orc:2    | Received a gift from Okawaru
 20950 | Orc:2    | Reached skill level 15 in Fighting
 21219 | Orc:2    | Found Aqir's Assorted Antiques.
 21234 | Orc:2    | Found Pateigho's Magic Scroll Emporium.
 21234 | Orc:2    | Found Ocau's Book Emporium.
 21290 | Orc:2    | Bought a potion of heal wounds for 135 gold pieces
 21292 | Orc:2    | Bought a scroll of teleportation for 33 gold pieces
 21292 | Orc:2    | Bought a scroll of fog for 22 gold pieces
 21562 | D:10     | Killed kutty's ghost
 21648 | D:12     | Found a flagged portal.
 21649 | D:12     | Noticed Gastronok
 21664 | D:12     | Killed Gastronok
 21676 | Bailey   | Entered a bailey
 21986 | Bailey   | Acquired the +7 crystal plate armour of Fiaruqem {rF+}
 22850 | D:13     | Reached skill level 10 in Armour
 22957 | D:13     | Reached skill level 10 in Invocations
 23026 | D:13     | Identified the +6 morningstar of Moral Flaws {drain, rF+
                  | Int-3 Dex+2} (Okawaru gifted it to you on level 13 of the
                  | Dungeon)
 23026 | D:13     | Received a gift from Okawaru
 23047 | D:13     | Identified the +5 battleaxe of Banym {flame, Dex+6}
 23048 | D:13     | Identified the Handbook of Dusty Ice
 23052 | D:13     | Identified the amulet of Ephemeral Luck {RegenMP rElec rC+
                  | Stlth-}
 23086 | D:13     | Identified the +7 whip of Adiuma {flame, rCorr Int+3 SInv}
 23318 | D:13     | Identified the +6 flail of the Slashing Pariah {protect,
                  | rPois rF- rCorr Dex+5}
 23388 | D:13     | Reached XP level 16. HP: 104/108 MP: 23/23
 23578 | D:13     | Noticed Sonja
 24048 | D:13     | Found a hazy altar of Hepliaklqana.
 24094 | D:13     | Killed Sonja
 24286 | D:13     | Found a gate to the Vaults.
 24900 | D:14     | Identified the +1 robe of Hopscotch {rF+} (Okawaru gifted
                  | it to you on level 14 of the Dungeon)
 24900 | D:14     | Received a gift from Okawaru
 25042 | D:15     | Entered Level 15 of the Dungeon
 25277 | D:15     | Found a staircase to the Depths.
 25498 | D:15     | Found a bloodstained altar of Trog.
 26153 | Swamp:1  | Entered Level 1 of the Swamp
 26784 | Swamp:1  | Received a gift from Okawaru
 27475 | Swamp:2  | HP: 5/112 [bunyip (19)]
 27807 | Swamp:1  | Reached XP level 17. HP: 86/116 MP: 21/24
 29269 | Swamp:3  | Noticed Donald
 29281 | Swamp:3  | Killed Donald
 29665 | Swamp:4  | Entered Level 4 of the Swamp
 29665 | Swamp:4  | Noticed Kirke
 29698 | Swamp:4  | Killed Kirke
 29745 | Swamp:4  | Noticed Nikola
 29748 | Swamp:4  | Noticed a tentacled monstrosity
 30066 | Swamp:4  | Received a gift from Okawaru
 30412 | Swamp:4  | Killed a tentacled monstrosity
 30509 | Swamp:4  | Killed Nikola
 30510 | Swamp:4  | Reached skill level 15 in Armour
 30513 | Swamp:4  | Received a gift from Okawaru
 30660 | Swamp:4  | Identified the +2 pair of gloves of the Bagpipe {rC++
                  | Dex+4} (Okawaru gifted it to you on level 4 of the Swamp)
 30660 | Swamp:4  | Received a gift from Okawaru
 30913 | Swamp:4  | Identified the +2 plate armour "Leqaemm" {rF+}
 31025 | Swamp:4  | Noticed the 27-headed Lernaean hydra
 31037 | Swamp:4  | Killed the 27-headed Lernaean hydra
 31038 | Swamp:4  | Reached XP level 18. HP: 90/126 MP: 25/25
 31157 | Swamp:4  | Got a decaying rune of Zot
 31348 | Snake:1  | Entered Level 1 of the Snake Pit
 32061 | Snake:1  | Found a runed translucent door.
 32066 | Snake:1  | Found a shimmering altar of Xom.
 32066 | Snake:1  | Noticed tensugalgo's ghost (adept VSFi)
 32100 | Snake:1  | Killed tensugalgo's ghost
 32101 | Snake:1  | Reached skill level 1 in Spellcasting
 32826 | Snake:2  | Found Desoxzuigy's Armour Shoppe.
 32826 | Snake:2  | Found Wogif's General Store.
 32851 | Snake:2  | Found Wahifoirgh's Antique Weapon Shoppe.
 32903 | Snake:2  | Bought the -2 hat of the Alchemist {rElec rPois rF+ rC+ rN+
                  | Will+ rMut rCorr} for 896 gold pieces
 32903 | Snake:2  | Found the -2 hat of the Alchemist {rElec rPois rF+ rC+ rN+
                  | Will+ rMut rCorr}
 33502 | Snake:1  | Identified the +5 ring mail "Reusiori" {rElec rPois Will+
                  | Str-5} (Okawaru gifted it to you on level 1 of the Snake
                  | Pit)
 33502 | Snake:1  | Received a gift from Okawaru
 33701 | Snake:3  | Found a glowing silver altar of Zin.
 33810 | Snake:3  | Found a frozen archway.
 33943 | IceCv    | Entered an ice cave
 34381 | IceCv    | Noticed an Ice Fiend
 34395 | IceCv    | Killed an Ice Fiend
 34494 | IceCv    | Identified the +4 short sword of Plog {pain, rElec rN+
                  | Int+4}
 34709 | Snake:3  | Reached skill level 5 in Spellcasting
 35473 | Snake:3  | Found a transporter.
 35474 | Snake:3  | Found a transporter.
 35491 | Snake:3  | Reached XP level 19. HP: 133/135 MP: 20/27
 36115 | Snake:4  | Entered Level 4 of the Snake Pit
 36181 | Snake:4  | Received a gift from Okawaru
 36635 | Snake:4  | Reached skill level 1 in Evocations
 37703 | Snake:4  | Got a serpentine rune of Zot
 37778 | Snake:4  | Identified Roxanne's Grimoire of Transmigration
 37778 | Snake:4  | Noticed Roxanne
 37797 | Snake:4  | Killed Roxanne
 37828 | Snake:4  | Received a gift from Okawaru
 37886 | Snake:4  | Received a gift from Okawaru
 38298 | Snake:4  | Found Zyimis's Book Boutique.
 38300 | Snake:4  | Found Ydugef's Jewellery Emporium.
 38301 | Snake:4  | Found Yvajiod's Book Boutique.
 38307 | Snake:4  | Bought a manual of Evocations for 1987 gold pieces
 38580 | Vaults:1 | Entered Level 1 of the Vaults
 38633 | Vaults:1 | Reached skill level 5 in Evocations
 38799 | Vaults:1 | Reached XP level 20. HP: 97/140 MP: 33/33
 38883 | Vaults:1 | Received a gift from Okawaru
 39676 | Vaults:1 | Found Upnedi's Assorted Antiques.
 39701 | Vaults:1 | Reached skill level 10 in Spellcasting
 39950 | Vaults:1 | Bought a scroll of teleportation for 69 gold pieces
 39950 | Vaults:1 | Bought a scroll of teleportation for 69 gold pieces
 39950 | Vaults:1 | Bought a scroll labelled AHOUNE TATED for 23 gold pieces
 39976 | Vaults:1 | Received a gift from Okawaru
 40084 | Vaults:1 | Reached skill level 10 in Evocations
 40257 | Vaults:1 | Reached skill level 1 in Dodging
 40362 | Vaults:1 | Received a gift from Okawaru
 40363 | Vaults:1 | Found the +8 orange crystal plate armour {Archmagi, Int+3
                  | Clar}
 41636 | Vaults:2 | Found a staircase to the Crypt.
 42376 | Elf:1    | Entered Level 1 of the Elven Halls
 42536 | Elf:1    | Noticed Louise
 42568 | Elf:1    | Killed Louise
 42582 | Elf:1    | Found a magical portal.
 42591 | WizLab   | Entered The Chambers of the Cloud Mage
 42731 | WizLab   | Reached XP level 21. HP: 121/146 MP: 32/35
 43610 | WizLab   | Found the necklace of Bloodlust {*Rage +Rage Will++ Int-3
                  | Slay+6}
 43632 | WizLab   | Identified Joeh Salo's Volume of Air
 43641 | WizLab   | Identified the ring "Xerizo Uraa" {+Blink Fly rN+ Stlth-}
 43725 | Elf:1    | Reached skill level 5 in Dodging
 43754 | Elf:1    | Received a gift from Okawaru
 43841 | Elf:1    | Identified the Incunabulum of Creation
 43978 | Elf:1    | Found Bunt's Armour Emporium.
 44982 | Elf:2    | Found a runed translucent gate.
 45318 | Elf:2    | Found Xuthre's Assorted Antiques.
 45461 | Elf:2    | Found a runed translucent gate.
 45461 | Elf:2    | Found a runed translucent gate.
 46216 | Elf:2    | Received a gift from Okawaru
 46239 | Elf:2    | Received a gift from Okawaru
 46639 | Elf:3    | Entered Level 3 of the Elven Halls
 46864 | Elf:3    | Received a gift from Okawaru
 47335 | Elf:3    | Found a transporter.
 47335 | Elf:3    | Noticed PirateVox's ghost (adept GnVM)
 47343 | Elf:3    | Found a transporter.
 47351 | Elf:3    | Received a gift from Okawaru
 47523 | Elf:3    | Killed PirateVox's ghost
 47853 | Elf:3    | Identified the +2 cloak "Naekkem" {rN++ Dex+2 Slay-3 SInv}
 48082 | Elf:3    | Reached skill level 10 in Throwing
 48493 | Elf:3    | Received a gift from Okawaru
 48494 | Elf:3    | Reached XP level 22. HP: 143/152 MP: 36/36
 49654 | Elf:3    | Identified the +1 ring mail of Anefabb {Int+7} (Okawaru
                  | gifted it to you on level 3 of the Elven Halls)
 49654 | Elf:3    | Received a gift from Okawaru
 49857 | Elf:3    | Identified the +8 mace "Monehona" {vamp, Will+ rCorr Int-4
                  | Dex+3}
 49860 | Elf:3    | Identified the +4 flail of Bread {speed, Dex+3}
 50063 | Elf:3    | Found the +3 pair of seven-league boots {Rampage+∞}
 50130 | Elf:3    | Identified The Second Course in Spellweaving
 50145 | Elf:3    | Found the +9 scales of the Dragon King {rPois rF+ rC+
                  | Will+}
 50150 | Elf:3    | Identified the +2 pair of gloves "Quluaz" {rC+}
 50151 | Elf:3    | Identified the +3 battleaxe of the Sage {venom, *Rage rF++
                  | Dex+6}
 50154 | Elf:3    | Identified the +3 dire flail of Defilement {vorpal, rN+}
 51453 | Vaults:2 | Noticed Jory
 51484 | Vaults:2 | Killed Jory
 51485 | Vaults:2 | Reached skill level 10 in Dodging
 51513 | Vaults:2 | Reached skill level 15 in Evocations
 52364 | Vaults:3 | Found Patuo's Assorted Antiques.
 52365 | Vaults:3 | Noticed Bai Suzhen
 52387 | Vaults:3 | Killed Bai Suzhen
 52394 | Vaults:3 | Bought a pitted garnet amulet for 130 gold pieces
 52394 | Vaults:3 | Identified the amulet "Veirgh" {Acrobat Regen+ Str+3
                  | Slay+2} (You bought it in a shop on level 3 of the Vaults)
 52424 | Vaults:3 | Received a gift from Okawaru
 52826 | Vaults:3 | Received a gift from Okawaru
 53197 | Vaults:3 | Noticed Aizul
 53217 | Vaults:3 | Killed Aizul
 53749 | Vaults:3 | Found Ucazunef's Book Emporium.
 53773 | Vaults:3 | Reached XP level 23. HP: 156/156 MP: 12/37
 54641 | Vaults:4 | Received a gift from Okawaru
 55358 | Vaults:4 | Noticed Margery
 55375 | Vaults:4 | Killed Margery
 56351 | Vaults:4 | Found Savaleb's Jewellery Boutique.
 56440 | Vaults:5 | Entered Level 5 of the Vaults
 56455 | Vaults:5 | Identified the +1 pair of gloves of Mumblety Peg {+Blink}
                  | (Okawaru gifted it to you on level 5 of the Vaults)
 56455 | Vaults:5 | Received a gift from Okawaru
 56755 | Vaults:4 | Reached XP level 24. HP: 78/163 MP: 14/37
 57071 | Vaults:5 | Received a gift from Okawaru
 57269 | Vaults:5 | Received a gift from Okawaru
 57670 | Vaults:5 | Reached skill level 15 in Throwing
 57706 | Vaults:5 | Received a gift from Okawaru
 57896 | Vaults:5 | Identified the ring "Canwol" {*Corrode rPois rF+ Str+2
                  | Slay+2}
 58221 | Vaults:5 | Received a gift from Okawaru
 58547 | Vaults:5 | Received a gift from Okawaru
 58787 | Vaults:5 | Identified the ring of Ruiwnaf {Ice Int+4}
 58977 | Vaults:5 | Identified the +1 robe of Vehumet's Vengeance {Str+4}
 58982 | Vaults:5 | Identified the Volume of the Unstable Arsonist
 58984 | Vaults:5 | Identified Kalyklou's Almanac of Gliding Cold
 59033 | Vaults:5 | Got a silver rune of Zot
 59152 | Vaults:5 | Identified the ring of Ruytit {rF+ Dex+6}
 59161 | Vaults:5 | Found Lymu's Armour Emporium.
 59361 | Vaults:5 | Acquired a manual of Dodging
 59362 | Vaults:5 | Acquired 1057 gold pieces
 59704 | Orc:2    | Bought a scroll of silence for 82 gold pieces
 59704 | Orc:2    | Bought a scroll of enchant weapon for 82 gold pieces
 59704 | Orc:2    | Bought a scroll of summoning for 104 gold pieces
 59704 | Orc:2    | Bought a scroll of magic mapping for 38 gold pieces
 59704 | Orc:2    | Bought a scroll of magic mapping for 38 gold pieces
 59707 | Orc:2    | Bought a potion of mutation for 216 gold pieces
 59707 | Orc:2    | Bought a scroll of summoning for 256 gold pieces
 59823 | D:9      | Bought 2 potions of curing for 96 gold pieces
 59823 | D:9      | Bought a potion of mutation for 128 gold pieces
 59823 | D:9      | Bought a potion of mutation for 128 gold pieces
 59823 | D:9      | Bought a potion of curing for 48 gold pieces
 59823 | D:9      | Bought a potion of mutation for 128 gold pieces
 59823 | D:9      | Bought a potion of haste for 160 gold pieces
 59955 | Depths:1 | Entered Level 1 of the Depths
 59963 | Depths:1 | Found a hide-covered altar of Uskayaw.
 60218 | Depths:1 | Found a gateway to Hell.
 60275 | Depths:1 | Received a gift from Okawaru
 60690 | Depths:1 | Found a portal to a secret trove of treasure.
 61238 | Depths:1 | Identified the +0 ring mail of the Thinker {Rampage Fly
                  | Will++ Slay-5} (Okawaru gifted it to you on level 1 of the
                  | Depths)
 61238 | Depths:1 | Received a gift from Okawaru
 61546 | Depths:2 | Reached XP level 25. HP: 166/168 MP: 12/37
 61824 | Depths:2 | Noticed a juggernaut
 62320 | Depths:1 | Upgraded the game from 0.27-a0-1158-gaa87e14f67 to
                  | 0.27-a0-1177-g245c70e1c0
 62651 | Depths:1 | Killed a juggernaut
 63525 | Depths:2 | Found a one-way gate leading to the halls of Pandemonium.
 63841 | Depths:3 | Received a gift from Okawaru
 64727 | Depths:3 | Noticed Mennas
 64730 | Depths:3 | Found a glowing silver altar of Zin.
 65054 | Depths:3 | Killed Mennas
 65194 | Depths:3 | Received a gift from Okawaru
 65467 | Depths:3 | Identified the +1 long sword "Jaotsy" {freeze, rElec rPois
                  | Str+3}
 65653 | Depths:3 | Found an ancient bone altar of Kikubaaqudgha.
 65721 | Depths:3 | You are sucked into a shaft and drop 2 floors!
 65721 | Depths:5 | Entered Level 5 of the Depths
 65802 | Depths:4 | Found a flickering gateway to a bazaar.
 65817 | Bazaar   | Entered a bazaar
 65857 | Bazaar   | Found Jadet's Book Shoppe.
 65873 | Bazaar   | Found Genusuet's Book Emporium.
 65889 | Bazaar   | Found Aferuwk's Antique Weapon Shoppe.
 65929 | Bazaar   | Bought a book of Geomancy for 245 gold pieces
 65949 | Bazaar   | Bought a manual of Poison Magic for 772 gold pieces
 66001 | Depths:4 | Reached XP level 26. HP: 177/177 MP: 12/37
 66269 | Depths:4 | Received a gift from Okawaru
 66291 | Depths:4 | Identified Qeded's Foundations of Wizardry
 66930 | Depths:4 | Found a white marble altar of Elyvilon.
 67138 | Depths:4 | Found a one-way gate to the infinite horrors of the Abyss.
 67209 | Depths:4 | Found a gateway to a ziggurat.
 67960 | Depths:5 | Found Niobyviu's Assorted Antiques.
 68254 | Depths:5 | Noticed a juggernaut
 68272 | Depths:5 | Killed a juggernaut
 68463 | Depths:5 | Noticed Boris
 68465 | Depths:5 | Found Noawustu's Distillery.
 68489 | Depths:5 | Killed Boris
 68526 | Depths:5 | Found Joih's Armour Emporium.
 68528 | Depths:5 | Bought a potion of heal wounds for 90 gold pieces
 68528 | Depths:5 | Bought a potion of heal wounds for 90 gold pieces
 68528 | Depths:5 | Bought a potion of haste for 180 gold pieces
 68528 | Depths:5 | Bought 3 potions of curing for 162 gold pieces
 68528 | Depths:5 | Bought a potion of curing for 54 gold pieces
 68688 | Depths:5 | Found a gate to the Realm of Zot.
 68986 | Depths:5 | Bought a scroll of blinking for 165 gold pieces
 68986 | Depths:5 | Bought a wand of digging (5) for 176 gold pieces
 69014 | Depths:5 | Received a gift from Okawaru
 69752 | Orc:2    | Bought a book of Party Tricks for 550 gold pieces
 69756 | Orc:2    | Learned a level 3 spell: Lesser Beckoning
 70105 | Zot:1    | Entered Level 1 of the Realm of Zot
 70110 | Zot:1    | Noticed an orb of fire
 70199 | Zot:1    | Noticed an ancient lich
 70557 | Depths:4 | Reached skill level 1 in Translocations
 71260 | Depths:5 | Killed an orb of fire
 71537 | Depths:5 | Killed an ancient lich
 72080 | Zot:1    | Reached XP level 27. HP: 175/184 MP: 37/37
 72511 | Zot:1    | Noticed an orb of fire
 72512 | Zot:1    | Gained mutation: Your spells are a little easier to cast,
                  | but a little less powerful. [an orb of fire]
 72544 | Zot:1    | Killed an orb of fire
 72553 | Zot:1    | Received a gift from Okawaru
 72579 | Zot:1    | Reached skill level 5 in Translocations
 72809 | Zot:1    | Identified the +10 morningstar of Plog {venom, rN+ Str-2
                  | Stlth+} (Okawaru gifted it to you on level 1 of the Realm
                  | of Zot)
 72809 | Zot:1    | Received a gift from Okawaru
 73011 | Zot:1    | Identified the Reference Book on Weightlessness
 73013 | Zot:1    | Identified the amulet "Dikhlamint" {Acrobat rElec Will++
                  | Slay+2}
 74301 | Zot:2    | Identified the +4 quarterstaff of Popular Demand {distort,
                  | Int+2 Dex+3} (Okawaru gifted it to you on level 2 of the
                  | Realm of Zot)
 74301 | Zot:2    | Received a gift from Okawaru
 75214 | Zot:2    | Acquired the +7 eveningstar "Eluacaas" {holy, *Slow Fly
                  | Str+3 Dex+6}
 76358 | Zot:2    | Received a gift from Okawaru
 76385 | Zot:2    | Cast into level 4 of the Abyss (black draconian knight)
 76458 | Abyss:4  | Noticed a dread lich
 76464 | Abyss:4  | Killed a dread lich
 76529 | Abyss:4  | Found a glowing golden altar of the Shining One.
 76543 | Abyss:4  | Identified the +3 ring mail of the Journeyman {Will+ rCorr
                  | Str+4} (Okawaru gifted it to you on level 4 of the Abyss)
 76543 | Abyss:4  | Received a gift from Okawaru
 76565 | Abyss:4  | Noticed a juggernaut
 76575 | Abyss:4  | Killed a juggernaut
 76579 | Abyss:4  | Got an abyssal rune of Zot
 76583 | Abyss:4  | Found a glowing golden altar of the Shining One.
 76602 | Zot:2    | Escaped the Abyss
 77661 | Zot:3    | Noticed an orb of fire
 77681 | Zot:3    | Killed an orb of fire
 79208 | Zot:4    | Reached skill level 10 in Translocations
 79234 | Zot:4    | Received a gift from Okawaru
 79414 | Zot:4    | Identified the +5 leather armour of Dithmenos's Approval
                  | {rF- Regen+ Int+5}
 79993 | Zot:5    | Entered Level 5 of the Realm of Zot
 80244 | Zot:5    | Received a gift from Okawaru
 81141 | Zot:5    | Noticed a dread lich
 81153 | Zot:5    | Killed a dread lich
 81153 | Zot:5    | Received a gift from Okawaru
 81184 | Zot:5    | Noticed an ancient lich
 81185 | Zot:5    | Noticed a dread lich
 81224 | Zot:5    | Killed a dread lich
 81236 | Zot:5    | Killed an ancient lich
 81259 | Zot:5    | Noticed a dread lich
 81272 | Zot:5    | Killed a dread lich
 81314 | Zot:5    | Received a gift from Okawaru
 81433 | Zot:5    | Noticed an orb of fire
 81470 | Zot:5    | Killed an orb of fire
 81652 | Zot:5    | Noticed a dread lich
 81672 | Zot:5    | Killed a dread lich
 81984 | Zot:5    | Received a gift from Okawaru
 82239 | Zot:5    | Noticed a dread lich
 82251 | Zot:5    | Killed a dread lich
 82251 | Zot:5    | Received a gift from Okawaru
 82266 | Zot:5    | Noticed an orb of fire
 82277 | Zot:5    | Noticed an orb of fire
 82289 | Zot:5    | Killed an orb of fire
 82289 | Zot:5    | Received a gift from Okawaru
 82290 | Zot:5    | Noticed an ancient lich
 82307 | Zot:5    | Gained mutation: Armour fits poorly on your strangely
                  | shaped body. [mutagenic glow]
 82319 | Zot:5    | Killed an orb of fire
 82360 | Zot:5    | Killed an ancient lich
 82817 | Zot:5    | Lost mutation: Armour fits poorly on your strangely shaped
                  | body. [potion of mutation]
 82817 | Zot:5    | Lost mutation: Your spells are a little easier to cast, but
                  | a little less powerful. [potion of mutation]
 82817 | Zot:5    | Gained mutation: Your movements are slightly less
                  | encumbered by armour. (ER -2) [potion of mutation]
 82817 | Zot:5    | Gained mutation: Your body sometimes deteriorates upon
                  | taking damage. [potion of mutation]
 82817 | Zot:5    | Gained mutation: Your flesh is cold resistant. (rC+)
                  | [potion of mutation]
 82818 | Zot:5    | Lost mutation: Your body sometimes deteriorates upon taking
                  | damage. [potion of mutation]
 82818 | Zot:5    | Lost mutation: Your flesh is cold resistant. (rC+) [potion
                  | of mutation]
 82818 | Zot:5    | Lost mutation: Your movements are slightly less encumbered
                  | by armour. (ER -2) [potion of mutation]
 82818 | Zot:5    | Gained mutation: You have large cloven feet. [potion of
                  | mutation]
 82818 | Zot:5    | Gained mutation: Your mind is acute. (Int +2) [potion of
                  | mutation]
 83327 | Slime:1  | Entered Level 1 of the Pits of Slime
 84288 | Slime:3  | Identified the +5 morningstar "Ologg" {antimagic, rPois
                  | Dex-5 Stlth+} (Okawaru gifted it to you on level 3 of the
                  | Pits of Slime)
 84288 | Slime:3  | Received a gift from Okawaru
 84657 | Slime:5  | Entered Level 5 of the Pits of Slime
 85799 | Slime:5  | Found a viscous altar of Jiyva.
 85887 | Slime:5  | Received a gift from Okawaru
 86047 | Slime:5  | Noticed the Royal Jelly
 86078 | Slime:5  | Killed the Royal Jelly
 86389 | Slime:5  | Identified the amulet "Ratwuq" {Faith rPois}
 86398 | Slime:5  | Identified Kymox's Compendium of the Oath and Cold
 86465 | Slime:5  | Identified the +9 scythe "Killer Bee's Peril" {vorpal, rF+}
 86474 | Slime:5  | Got a slimy rune of Zot
 86475 | Slime:5  | Identified the Papyrus of Combat Magic and the Traveller
 86485 | Slime:5  | Identified the +4 battleaxe of Yfry {elec, rC+}
 87047 | Depths:1 | You showed the slimy rune of Zot to enter a treasure trove
 87048 | Trove    | Entered a treasure trove
 87048 | Trove    | Found the ring of the Mage {Wiz Will++ Int+3}
 87052 | Trove    | Identified the amulet "Vaeq" {Acrobat Str+2 Int+4 SInv}
 87057 | Trove    | Identified the amulet "Socator" {Regen+ Str+4}
 87060 | Trove    | Identified the ring "Rikkos" {rF++ AC+4 Int-2 Dex+4}
 87063 | Trove    | Identified the ring "Enenwev" {rElec rPois Int+6}
 87073 | Trove    | Identified the ring "Winij" {+Blink rF+ Will- Int+4}
 87084 | Trove    | Identified the ring of Mokoumm {rC+ Will+ AC+4 Str+7
                  | Stlth-}
 87088 | Trove    | Identified the ring "Ubiesaat" {rElec rPois rF+++ Will-
                  | SInv}
 87262 | Zig:1    | Entered Level 1 of a ziggurat
 87280 | Zig:2    | Entered Level 2 of a ziggurat
 87305 | Zig:3    | Entered Level 3 of a ziggurat
 87331 | Zig:3    | Identified the Disquisition on Calling and Confrontation
 87335 | Zig:4    | Entered Level 4 of a ziggurat
 87408 | Zig:4    | Identified the +8 plate armour "Bosirify" {+Blink rN++
                  | rCorr}
 87412 | Zig:5    | Entered Level 5 of a ziggurat
 87440 | Zig:5    | Identified the ring "Awnys" {rF+ Dex+4}
 87445 | Zig:5    | Identified the Compendium of the Oath and Displacement
 87457 | Zig:6    | Entered Level 6 of a ziggurat
 87464 | Zig:6    | Noticed Zoteuh the pandemonium lord
 87475 | Zig:6    | Killed Zoteuh the pandemonium lord
 87636 | Zig:7    | Entered Level 7 of a ziggurat
 87664 | Zig:7    | Identified the Disquisition on Vitriolic Weightlessness
 87994 | Zig:7    | Identified Lakew's Almanac of Poisoning and Confrontation
 88021 | Zig:8    | Entered Level 8 of a ziggurat
 88357 | Zig:8    | Identified the Tome of Ensnaring Calling
 88382 | Zig:9    | Entered Level 9 of a ziggurat
 88403 | Zig:9    | Identified the +6 morningstar of Delamore's Courage
                  | {protect, Dex+4} (Okawaru gifted it to you on level 9 of a
                  | ziggurat)
 88403 | Zig:9    | Received a gift from Okawaru
 88499 | Zig:10   | Entered Level 10 of a ziggurat
 88506 | Zig:10   | Noticed an ancient lich
 88506 | Zig:10   | Noticed a dread lich
 88513 | Zig:10   | Noticed an ancient lich
 88523 | Zig:10   | Killed an ancient lich
 88552 | Zig:10   | Killed an ancient lich
 88558 | Zig:10   | Killed a dread lich
 88851 | Zig:10   | Identified the Volume of Blistering Moulding
 88867 | Zig:10   | Identified the +6 arbalest "Gaim" {flame, Fragile rElec
                  | Str+6}
 88876 | Zig:11   | Entered Level 11 of a ziggurat
 88924 | Zig:11   | Identified the +9 chain mail "Ezipu" {rF+ Stlth+} (Okawaru
                  | gifted it to you on level 11 of a ziggurat)
 88924 | Zig:11   | Received a gift from Okawaru
 89153 | Zig:11   | Identified the Collected Works on Bewitching Ice
 89268 | Zig:12   | Entered Level 12 of a ziggurat
 89473 | Zig:12   | Identified the +4 scale mail of Weirdness {rC++}
 89477 | Zig:12   | Identified the amulet of Xom's Full Attention {RegenMP
                  | Rampage Slay+2 SInv}
 89479 | Zig:12   | Identified the Catalogue of Sinister Companions
 89500 | Zig:12   | Identified the +1 ring mail of Integrity {Rampage rPois
                  | rF++ Str-5}
 89511 | Zig:13   | Entered Level 13 of a ziggurat
 89516 | Zig:13   | Noticed an ancient lich
 89529 | Zig:13   | Killed an ancient lich
 89569 | Zig:13   | Found the +3 giant club "Skullcrusher" {speed, Str+7}
 89819 | Zig:13   | Identified the +2 plate armour of the Centipede {+Blink}
 89833 | Zig:14   | Entered Level 14 of a ziggurat
 89843 | Zig:14   | Noticed Jeqeleh the pandemonium lord
 89844 | Zig:14   | Found the amulet of Vitality {Regen+ HP+15}
 89868 | Zig:14   | Paralysed by a floating eye for 4 turns
 89874 | Zig:14   | Killed Jeqeleh the pandemonium lord
 90304 | Zig:14   | Identified the ring "Huudd" {Dex+8 Slay+4}
 90360 | Zig:15   | Entered Level 15 of a ziggurat
 90383 | Zig:15   | Received a gift from Okawaru
 90399 | Zig:15   | Received a gift from Okawaru
 90640 | Zig:16   | Entered Level 16 of a ziggurat
 91178 | Zig:16   | Identified Qote's Wizardry, Part Four
 91198 | Zig:16   | Identified the amulet of Femeviul {Acrobat Dex+3}
 91202 | Zig:16   | Identified the ring "Nuheppa" {Slay+5 SInv}
 91213 | Zig:16   | Identified the +9 dagger of Division {pain, Drain rF-
                  | Dex+8}
 91222 | Zig:17   | Entered Level 17 of a ziggurat
 91483 | Zig:17   | Received a gift from Okawaru
 91592 | Zig:17   | Identified the Disquisition on the Traveller and
                  | Malediction
 91598 | Zig:17   | Identified the Guide on Ashen Dark Magic
 91696 | Zig:17   | Identified the +5 pair of gloves of Idonn {Harm Drain rPois
                  | rN+ Dex-3}
 91727 | Zig:18   | Entered Level 18 of a ziggurat
 91805 | Zig:18   | Identified Momoq's Reference Book on Transformation and
                  | Evil
 91810 | Zig:19   | Entered Level 19 of a ziggurat
 91822 | Zig:19   | Noticed Zitewexaru the pandemonium lord
 91823 | Zig:19   | Noticed Inonozy the pandemonium lord
 91831 | Zig:19   | Killed Zitewexaru the pandemonium lord
 91832 | Zig:19   | Noticed Bukhog the pandemonium lord
 91834 | Zig:19   | Killed Inonozy the pandemonium lord
 91843 | Zig:19   | Killed Bukhog the pandemonium lord
 91843 | Zig:19   | Received a gift from Okawaru
 91858 | Zig:19   | Noticed Wuluub the pandemonium lord
 91866 | Zig:19   | Killed Wuluub the pandemonium lord
 91870 | Zig:19   | Noticed Heihour the pandemonium lord
 91879 | Zig:19   | Killed Heihour the pandemonium lord
 91888 | Zig:19   | Noticed Dippi the pandemonium lord
 91900 | Zig:19   | Noticed Kakeuf the pandemonium lord
 91900 | Zig:19   | Noticed Pefogo the pandemonium lord
 91902 | Zig:19   | Noticed Qisseu Rahu the pandemonium lord
 91906 | Zig:19   | Killed Dippi the pandemonium lord
 91921 | Zig:19   | Killed Kakeuf the pandemonium lord
 91922 | Zig:19   | Noticed Neyss the pandemonium lord
 91940 | Zig:19   | Killed Qisseu Rahu the pandemonium lord
 91953 | Zig:19   | Killed Pefogo the pandemonium lord
 91971 | Zig:19   | Noticed Wuoguha the pandemonium lord
 91972 | Zig:19   | Killed Neyss the pandemonium lord
 91985 | Zig:19   | Killed Wuoguha the pandemonium lord
 92226 | Zig:19   | Found the +7 mace of Variability {chain chaos}
 92231 | Zig:19   | Identified the Collected Works on the Glacier
 92245 | Zig:19   | Identified the +8 hand axe "Donnuzoh" {flame, +Blink Fly
                  | Will+}
 92264 | Zig:19   | Identified the +4 halberd "Urukh" {vorpal, rPois}
 92273 | Zig:19   | Reached skill level 15 in Dodging
 92275 | Zig:20   | Entered Level 20 of a ziggurat
 92673 | Zig:20   | Received a gift from Okawaru
 92844 | Zig:20   | Identified the amulet of Sowkonics {RegenMP rPois Dex+3}
 92846 | Zig:20   | Identified the ring of Wofigeco {EV+4 Int+6}
 92851 | Zig:20   | Identified the +2 quarterstaff of Evolution {freeze, Drain
                  | rElec rN+ Int+4}
 92861 | Zig:20   | Identified the +0 leather armour of the Weaver {Fly}
 92879 | Zig:20   | Acquired the +7 tower shield "Tezacha" {+Blink rF+}
 92912 | Zig:21   | Entered Level 21 of a ziggurat
 92919 | Zig:21   | Noticed a juggernaut
 92919 | Zig:21   | Noticed a juggernaut
 92920 | Zig:21   | Noticed a juggernaut
 92931 | Zig:21   | Killed a juggernaut
 92940 | Zig:21   | Killed a juggernaut
 92940 | Zig:21   | Received a gift from Okawaru
 92948 | Zig:21   | Killed a juggernaut
 92951 | Zig:21   | Received a gift from Okawaru
 92958 | Zig:21   | Noticed a juggernaut
 92978 | Zig:21   | Killed a juggernaut
 92978 | Zig:21   | Received a gift from Okawaru
 92984 | Zig:21   | Noticed a juggernaut
 92993 | Zig:21   | Noticed a juggernaut
 93002 | Zig:21   | Killed a juggernaut
 93009 | Zig:21   | Received a gift from Okawaru
 93010 | Zig:21   | Noticed a juggernaut
 93019 | Zig:21   | Killed a juggernaut
 93024 | Zig:21   | Received a gift from Okawaru
 93043 | Zig:21   | Killed a juggernaut
 93052 | Zig:21   | Received a gift from Okawaru
 93245 | Zig:21   | Identified the ring of Divine Compulsion {rN+ Will+}
 93251 | Zig:21   | Identified Wacsex's Incunabulum of Air
 93263 | Zig:21   | Identified the +3 plate armour "Tojol" {Drain Str+4 Dex+4}
 93295 | Zig:22   | Entered Level 22 of a ziggurat
 93307 | Zig:22   | Noticed a juggernaut
 93317 | Zig:22   | Killed a juggernaut
 93328 | Zig:22   | Noticed a juggernaut
 93334 | Zig:22   | Noticed a juggernaut
 93336 | Zig:22   | Killed a juggernaut
 93346 | Zig:22   | Killed a juggernaut
 93346 | Zig:22   | Received a gift from Okawaru
 93351 | Zig:22   | Noticed a juggernaut
 93357 | Zig:22   | Noticed a juggernaut
 93363 | Zig:22   | Killed a juggernaut
 93367 | Zig:22   | Noticed a juggernaut
 93369 | Zig:22   | Killed a juggernaut
 93371 | Zig:22   | Killed a juggernaut
 93371 | Zig:22   | Received a gift from Okawaru
 93385 | Zig:22   | Noticed a juggernaut
 93396 | Zig:22   | Killed a juggernaut
 93404 | Zig:22   | Noticed a juggernaut
 93407 | Zig:22   | Noticed a juggernaut
 93409 | Zig:22   | Noticed a juggernaut
 93412 | Zig:22   | Killed a juggernaut
 93415 | Zig:22   | Killed a juggernaut
 93415 | Zig:22   | Received a gift from Okawaru
 93426 | Zig:22   | Killed a juggernaut
 93500 | Zig:22   | Identified the ring of Miass {rPois rF+ rC+ rCorr}
 93504 | Zig:22   | Identified the ring of Salvation {Fire rPois}
 93511 | Zig:22   | Identified the ring "Fepha" {rF+ Int-5 Dex+6 Stlth+}
 93518 | Zig:22   | Identified the Handbook of Weightlessness and Battle Magic
 93535 | Zig:22   | Identified the Tome of Floating Earth
 93581 | Zig:22   | Identified the +1 chain mail of Valiance {Will+}
 93589 | Zig:23   | Entered Level 23 of a ziggurat
 93714 | Zig:23   | Received a gift from Okawaru
 93761 | Zig:23   | Received a gift from Okawaru
 93920 | Zig:23   | Identified the amulet "Noiriff" {Spirit Rampage}
 94066 | Zig:23   | Identified the Incunabulum of Fiery Translocation
 94081 | Zig:23   | Identified the +12 hunting sling "Ehihe" {freeze, rC+++
                  | rN++ Str-3}
 94102 | Zig:23   | Identified the -2 buckler of Fuobb {Contam +Inv Dex+4}
 94124 | Zig:24   | Entered Level 24 of a ziggurat
 94174 | Zig:24   | Gained mutation: You are frail. (-10% HP) [a neqoxec]
 94175 | Zig:24   | Noticed Byuluwos the pandemonium lord
 94194 | Zig:24   | Gained mutation: Your spells are a little easier to cast,
                  | but a little less powerful. [a cacodemon]
 94196 | Zig:24   | Killed from afar by a blizzard demon

Illustrated notes

Levels and vault maps discovered:
D:1:      dpeg_arrival_radiant, layout_basic
D:2:      layout_basic
D:3:      layout_basic, grunt_temple_overflow_diamond, uniq_natasha,
          uniq_sigmund, uniq_terence
D:4:      layout_basic, kennysheep_mini, minmay_temple_entry_mist,
          minmay_misc_feat_square
D:5:      cheibrodos_helix_gallery, layout_basic, serial_shops,
          kennysheep_mini_moat, shop_fountains, shop, st_stairs_8, uniq_pikel
D:6:      layout_basic, nicolae_ossuary_entry_ruins, serial_shops,
          kennysheep_little_box
D:7:      kennysheep_six_static_rooms, layout_loops_cross, serial_shops,
          nicolae_shop_stone, minmay_statues_item, uniq_joseph
D:8:      layout_basic, nicolae_ashenzari_skybound, minmay_gold_behind_fungi
D:9:      layout_basic, serial_shops, shop
D:10:     layout_basic, nicolae_ru_great_annihilating_truth, erik_orc_4,
          gammafunk_ghost_mausoleum
D:11:     layout_basic, lair_entry_dummy, gauntlet_entry_generic, uniq_erolcha
D:12:     layout_cave_pools, enter_bailey_5, uniq_gastronok
D:13:     minmay_the_grid_octo_tiled_squarecenter
          [minmay_the_grid_octo_clover_2, minmay_the_grid_octo_horde,
          minmay_the_grid_octo_vomiting_pacman,
          minmay_the_grid_octo_fat_diamond,
          minmay_the_grid_square_5x5_megaprize_crossed,
          minmay_the_grid_square_5x5_inner_v,
          minmay_the_grid_square_5x5_minimal,
          minmay_the_grid_square_5x5_three_walls,
          minmay_the_grid_square_5x5_shrine1], layout_basic,
          worldfamousw_hep_ancestral_shrine, uniq_sonja
D:14:     layout_roguey, serial_bayou_pond_b, kennysheep_generic_room_9
D:15:     gammafunk_enter_depths_forms, layout_basic, nicolae_wwwww,
          trog_ov_bears_minmay
Temple:   nicolae_temple_elliptical
Lair:1:   layout_loops_ring
Lair:2:   layout_cave_pods, kennysheep_rathole
Lair:3:   layout_roguey [special_room_bee], swamp_mist_pool, enter_volcano_1
Lair:4:   layout_hall_layers, minmay_snake_entry_guardpost_medium,
          serial_bayou_pond_c
Lair:5:   layout_long_grid, dpeg_slime_entry_enclosed_altar,
          cheibrodos_lair_reptile_den, serial_bayou_shore_a
Lair:6:   guppyfry_lair_end_dragon, layout_regular_city,
          hangedman_lair_in_review, gammafunk_ghost_icy
Swamp:1:  layout_falls_marsh, infiniplex_staircase_pool, swamp_pool1,
          hangedman_swamp_blocks
Swamp:2:  layout_basic_swamp, nicolae_swamp_ascending_descending_big,
          swamp_pool2
Swamp:3:  layout_basic_swamp, serial_swamp_ruin, evilmike_swamp_ruin_house_3,
          evilmike_swamp_ruin_rubble_1, evilmike_swamp_ruin_house_4, uniq_donald
Swamp:4:  grunt_swamp_rune_castle, layout_basic_swamp,
          infiniplex_staircase_pool_2, uniq_kirke, uniq_nikola
Snake:1:  layout_grid_shapes, ebering_ghost_xom, serial_bayou_ford_a
Snake:2:  layout_basic, serial_bayou_shore_b, minmay_shop_star
Snake:3:  gammafunk_the_bubble [the_bubble_gammafunk_split], layout_honeycomb,
          portal_ice_cave_entry_pillars_1, basic_altar, drop_trap
Snake:4:  snake_pit, layout_onion_interference, minmay_shop_grove, uniq_roxanne
Slime:1:  layout_caves
Slime:2:  layout_caves
Slime:3:  layout_caves
Slime:4:  layout_caves
Slime:5
Orc:1:    cheibrodos_orc_bank, layout_diamond_mine
Orc:2:    st_orc_elflike, layout_diamond_mine
Elf:1:    layout_loops_corners, mu_enter_wizlab_3, serial_shops, shop,
          minmay_elf_demonology, chequers_big_river, uniq_louise
Elf:2:    layout_gridlike, serial_shops,
          nicolae_shop_competitors_out_of_business
Elf:3:    nooodl_elf_gasket, layout_geoelf_octagon, gammafunk_ghost_arena
Vaults:1: nicolae_vaults_arrows, v_misc_3, grunt_vaults_twisty,
          ontoclasm_vaults_gateway, hangedman_vaults_trim,
          ontoclasm_vaults_chip, hangedman_vaults_river_flow, st_squares,
          vaults_dpeg_encased_lava, nicolae_vaults_specimen_jars,
          layout_vaults_omnicross, serial_shops, nicolae_shop_overgrown_old_shop
Vaults:2: hangedman_vaults_locks, v_misc_16, ontoclasm_vaults_chip, st_lines,
          nicolae_vaults_triangles, ontoclasm_vaults_bender, grunt_vaults_swirl,
          nicolae_vaults_network_square, v_rooms_5, v_misc_15, vaults_room_pool,
          minmay_crypt_entry_simple_corners, nicolae_vaults_little_squares_5,
          layout_vaults_omnibox, uniq_jory
Vaults:3: vaults_mumra_minichess, nicolae_vaults_network_quinsquares
          [nicolae_vaults_network_quincunx_subvault,
          nicolae_vaults_network_quincunx_subvault,
          nicolae_vaults_network_quincunx_subvault,
          nicolae_vaults_network_quincunx_subvault], vaults_mumra_chevron,
          nicolae_vaults_little_squares_2, nicolae_vaults_network_star,
          layout_vaults_quadrants, serial_shops, nicolae_shop_trees, shop,
          uniq_bai_suzhen, uniq_aizul
Vaults:4: nicolae_vaults_little_squares_1, v_misc_22, st_spiral_rooms,
          v_pattern_4, v_misc_4, vaults_standard_mumra_lines,
          nicolae_vaults_big_ls, ontoclasm_vaults_twist, ontoclasm_vaults_chip,
          layout_vaults_maze, serial_shops, shop_statue, uniq_margery
Vaults:5
Depths:1: layout_gridville, nicolae_trove_entry_columns, roderic_lattice_a,
          hellmouth_3, minmay_misc_feat_room, dancing_weapons_uskayaw
Depths:2: minmay_swirls_squares, layout_twisted_cross, rand_demon_pan_entry_1,
          hell_entry, grunt_ministairs_14
Depths:3: evilmike_silver_temple, layout_cave_shapes, grunt_pan_entry_sceptre,
          nicolae_kikubaaqudgha_miasma_corner, hell_entry, firewood_loft,
          infiniplex_staircase_x
Depths:4: minmay_inside_and_out, layout_basic, enter_ziggurat_a, hell_entry,
          serial_shops, bzr_entry_islet, nicolae_elyvilon_peaceful_grove,
          abyss_entry_crystal, infiniplex_staircase_zigzag_1
Depths:5: evilmike_zot_entry_argh, layout_cave_pools, pf_hell_entry_tar_river,
          serial_shops, nicolae_shop_overgrown_old_shop, serial_bayou_pond_e,
          minmay_shoptagon, uniq_boris
Zot:1:    hangedman_zot_vaults_quadrants, layout_cathedral_of_symmetry,
          st_large_dragon_hoard_3
Zot:2:    grunt_zot_stairs_overgrown, layout_misc_corridors,
          grunt_ministairs_12, zot_minivault_5
Zot:3:    layout_basic, st_small_dragon_hoard_3, nicolae_zot_crop_circle
Zot:4:    layout_cathedral_of_symmetry
Zot:5:    layout_onion, grunt_ministairs_8, lemuel_golem_globe
Zig:24

Skill      XL: |  1  2  3  4  5  6  7  8  9 10 11 12 13 14 15 16 17 18 19 20 21 22 23 24 25 26 27 |
---------------+----------------------------------------------------------------------------------+-----
Fighting       | 4 5 7 10 12 14 15 16 18 20 21 22 25 | 25.0
Shields        | 4 5 10 15 16 17 19 25 | 25.0
Maces & Flails | 3 4 5 7 8 10 13 14 15 16 18 21 | 21.8
Throwing       | 4 5 6 7 10 11 14 15 25 | 25.0
Invocations    | 3 5 7 10 | 10.0
Armour         | 5 7 10 12 15 16 18 20 | 20.0
Spellcasting   | 5 9 10 12 | 12.0
Evocations     | 6 12 13 15 16 19 | 19.1
Dodging        | 4 7 10 15 | 15.5
Translocations | 3 12 | 12.0

Action                   |  1- 3 |  4- 6 |  7- 9 | 10-12 | 13-15 | 16-18 | 19-21 | 22-24 | 25-27 || total
-------------------------+-------+-------+-------+-------+-------+-------+-------+-------+-------++-------
Melee: Flail             |   171 |   156 |   169 |   113 |       |       |       |       |       ||   609
       Whip              |       |       |   291 |       |       |       |       |       |       ||   291
       Morningstar       |       |       |       |   374 |    48 |  1655 |  1862 |   195 |       ||  4134
       Demon whip        |       |       |       |   210 |  1514 |       |       |  1772 |  3371 ||  6867
       Sacred scourge    |       |       |       |       |       |       |       |       |    14 ||    14
       Eveningstar       |       |       |       |       |       |       |       |       |   816 ||   816
Throw: Dart              |       |    38 |    61 |   170 |    54 |     3 |       |       |       ||   326
       Boomerang         |       |       |     3 |     7 |       |       |       |       |       ||    10
       Javelin           |       |       |       |       |       |       |     3 |    48 |   722 ||   773
       Throwing net      |       |       |       |       |       |       |       |     1 |     5 ||     6
 Cast: Blink             |       |       |       |       |       |       |       |       |     1 ||     1
Invok: Heroism           |       |       |     1 |     5 |     9 |     5 |     6 |     4 |     2 ||    32
       Finesse           |       |       |       |     6 |     2 |     6 |    13 |    13 |    30 ||    70
Evoke: Wand              |       |       |       |     3 |       |     2 |     4 |       |     1 ||    10
       Tin of tremorston |       |       |       |       |     2 |     1 |     2 |       |     3 ||     8
       Phantom mirror    |       |       |       |       |       |     2 |       |       |     5 ||     7
       Condenser vane    |       |       |       |       |       |     1 |     4 |     1 |     9 ||    15
  Use: Scroll            |       |       |    17 |    11 |     6 |    14 |     8 |    12 |    34 ||   102
       Potion            |       |       |       |     4 |       |    10 |     2 |       |    52 ||    68
 Stab: Distracted        |       |       |       |       |       |       |     1 |     4 |     4 ||     9
       Confused          |       |       |       |       |       |       |     1 |       |     1 ||     2
       Petrified         |       |       |       |       |       |       |       |       |     9 ||     9
       Petrifying        |       |       |       |       |       |       |       |       |     4 ||     4
       Invisible         |       |       |       |       |       |       |       |       |     1 ||     1
Armor: Scale mail        |   110 |    69 |       |       |       |       |       |       |       ||   179
       Chain mail        |       |    67 |   194 |   376 |   377 |       |       |       |       ||  1014
       Crystal plate arm |       |       |       |       |    51 |   852 |   884 |  1051 |  2669 ||  5507
Dodge: Dodged            |    69 |    70 |   129 |   271 |   214 |   180 |   231 |   367 |  1187 ||  2718
Block: Kite shield       |   118 |   121 |   257 |   527 |   902 |  1423 |  1456 |  1194 |  2489 ||  8487
       Reflection        |       |       |       |       |    13 |    74 |   100 |       |       ||   187
       Tower shield      |       |       |       |       |       |       |       |       |   779 ||   779

Table legend: (Time is in decaauts)
 A = Elapsed time spent in this place.
 B = Non-inter-level travel time spent in this place.
 C = Inter-level travel time spent in this place.
 D = Time resting spent in this place.
 E = Time spent auto-exploring this place.
 F = Levels seen in this place.
 G = Mean time per level.
                   A        B        C        D        E       F      G
               +--------+--------+--------+--------+--------+-----+--------+
         Total |  88540 |  82795 |   5745 |  21405 |  44580 |  88 | 1006.1 |
       Dungeon |  17172 |  15320 |   1852 |   1940 |  10061 |  15 | 1144.8 |
        Temple |     27 |     11 |     16 |      0 |      6 |   1 |   27.0 |
          Lair |   6312 |   5632 |    680 |    184 |   4505 |   6 | 1052.0 |
         Swamp |   4821 |   4591 |    230 |   1419 |   2326 |   4 | 1205.2 |
     Snake Pit |   5912 |   5758 |    154 |   1324 |   3159 |   4 | 1478.0 |
    Slime Pits |   3160 |   2980 |    180 |   1144 |   1233 |   5 |  632.0 |
  Orcish Mines |   2363 |   2002 |    361 |    215 |   1282 |   2 | 1181.5 |
   Elven Halls |   6664 |   6370 |    294 |   2341 |   2730 |   3 | 2221.3 |
        Vaults |  11634 |  11191 |    443 |   3718 |   5669 |   5 | 2326.8 |
        Depths |  10881 |   9949 |    932 |   3089 |   5248 |   5 | 2176.2 |
           Zot |  10091 |   9490 |    601 |   2700 |   5379 |   5 | 2018.2 |
         Abyss |    196 |    196 |      0 |     13 |     67 |   1 |  196.0 |
      Ziggurat |   6062 |   6062 |      0 |   2556 |   1714 |  24 |  252.6 |
        Bazaar |    174 |    174 |      0 |      0 |     88 |   1 |  174.0 |
         Trove |     52 |     52 |      0 |      0 |      0 |   1 |   52.0 |
       Ossuary |    232 |    232 |      0 |      0 |    143 |   1 |  232.0 |
        Bailey |    358 |    358 |      0 |      0 |    212 |   1 |  358.0 |
      Ice Cave |    714 |    714 |      0 |    196 |    354 |   1 |  714.0 |
       Volcano |    216 |    216 |      0 |     38 |     47 |   1 |  216.0 |
        Wizlab |   1044 |   1044 |      0 |    464 |    350 |   1 | 1044.0 |
      Gauntlet |    445 |    445 |      0 |     62 |      6 |   1 |  445.0 |
               +--------+--------+--------+--------+--------+-----+--------+

Top non-repeatable levels by time:
   Elf:3: 2790 daAuts
   Zot:2: 2782 daAuts
Vaults:2: 2777 daAuts
   Elf:2: 2684 daAuts
Vaults:4: 2645 daAuts
   Zot:5: 2573 daAuts
Depths:4: 2485 daAuts
Depths:3: 2444 daAuts
Vaults:1: 2416 daAuts
Depths:5: 2320 daAuts
Depths:1: 2147 daAuts
   Zot:1: 2042 daAuts
Vaults:3: 2016 daAuts
    D:13: 1957 daAuts
 Snake:3: 1926 daAuts
